Map: [ESL] Equilibrium

Players

Spirit - Winner!

  • Race: Terran Terran
  • Spawn Location: 11:00

Clem

  • Race: Terran Terran
  • Spawn Location: 1:00

Event: ESL SC2 Masters 2023 Winter (Regional)

VOD

Have the link to the VOD?

Description

Time

  • Played on: Nov. 12, 2023, 10:17 a.m.
  • Length: 13:16

All games in this series

Show
View Real Time Build Order
Export as new Build Order

Spirit Terran - Winner!

Build Orders: Cyclone Opening, Reaper Expand 

Get SALT Encoding   

  12  0:00  SCV  
  13  0:12  SCV  
  14  0:17  Supply Depot  
  14  0:24  SCV  
  15  0:38  SCV  
  15  0:41  Barracks  
  16  0:43  Refinery  
  16  0:50  SCV  
  17  1:03  SCV  
  18  1:15  SCV  
  19  1:27  Reaper  
  19  1:28  Orbital Command  
  20  1:40  Command Center  
  20  1:50  Supply Depot  
  20  1:53  SCV  
  21  1:59  Marine  
  22  2:05  Factory  
  22  2:06  SCV  
  23  2:17  Marine  
  23  2:18  SCV  
  23  2:22  Bunker  
  25  2:30  SCV  
  26  2:37  Barracks Reactor  
  26  2:45  SCV  
  26  2:49  Cyclone  
  25  2:51  Orbital Command  
  29  2:58  SCV  
  30  3:03  Command Center  
  30  3:10  SCV, Refinery  
  31  3:13  Marine x2  
  31  3:17  SCV  
  34  3:21  Cyclone  
  34  3:23  SCV  
  37  3:27  Supply Depot  
  37  3:29  SCV  
  38  3:34  Barracks  
  38  3:36  Marine  
  38  3:38  Marine  
  38  3:39  SCV  
  41  3:42  SCV  
  42  3:49  Barracks  
  42  3:52  SCV  
  42  3:54  SCV  
  44  3:57  Factory Tech Lab  
  44  4:04  SCV, Starport  
  44  4:06  SCV  
  46  4:10  Refinery  
  46  4:12  Marine x2  
  46  4:16  SCV  
  49  4:18  Orbital Command  
  49  4:19  SCV  
  50  4:25  Factory Tech Lab  
  50  4:28  SCV  
  50  4:29  Stimpack, Marine  
  50  4:30  Marine  
  50  4:31  SCV  
  54  4:36  Engineering Bay  
  54  4:38  Barracks Reactor  
  54  4:40  SCV  
  54  4:43  SCV  
  54  4:44  Engineering Bay  
  54  4:45  SCV  
  56  4:47  Marine  
  56  4:52  SCV, Marine  
  59  4:53  Marine  
  59  4:55  Starport Reactor, SCV  
  59  4:59  Supply Depot  
  62  5:03  Refinery  
  62  5:04  Terran Infantry Weapons Level 1  
  61  5:07  Siege Tank  
  61  5:08  SCV  
  61  5:11  Terran Infantry Armor Level 1  
  61  5:14  SCV  
  66  5:15  Marine x2  
  66  5:16  Marine  
  66  5:20  Supply Depot  
  66  5:21  Marine  
  70  5:24  Marine  
  70  5:28  SCV  
  73  5:34  Barracks x2, Medivac  
  73  5:35  Medivac  
  76  5:36  Orbital Command  
  76  5:38  Marine, Supply Depot  
  77  5:43  Marine  
  77  5:46  SCV x2  
  77  5:49  Marine  
  81  5:50  Supply Depot  
  81  5:51  Siege Tank  
  84  5:57  Supply Depot  
  84  5:58  SCV  
  84  5:59  SCV  
  84  6:00  Marine  
  84  6:03  SCV  
  88  6:07  Marine  
  88  6:08  Combat Shield  
  88  6:09  Marine x2  
  88  6:10  SCV  
  92  6:11  SCV  
  92  6:15  SCV, Marine  
  92  6:17  Marine  
  96  6:22  Barracks Reactor, SCV  
  96  6:23  Siege Tank, SCV  
  96  6:24  Marine  
  101  6:27  Marine x3  
  101  6:28  Supply Depot  
  101  6:29  Supply Depot  
  105  6:34  SCV, Marine  
  105  6:35  SCV, Marine  
  107  6:40  Sensor Tower  
  107  6:42  Armory, Marine  
  107  6:45  Barracks Reactor  
  107  6:46  SCV  
  109  6:48  Refinery  
  109  6:49  Marine, Refinery  
  109  6:50  SCV x2  
  112  6:55  Siege Tank  
  112  6:56  Medivac  
  112  6:58  SCV  
  112  7:01  Supply Depot, Marine  
  118  7:02  SCV, Supply Depot  
  118  7:03  SCV, Marine  
  118  7:06  Marine  
  118  7:08  Marine  
  123  7:10  SCV  
  125  7:21  SCV x2  
  125  7:23  SCV  
  125  7:25  Supply Depot  
  125  7:26  Supply Depot  
  125  7:27  Medivac x2  
  130  7:31  Terran Infantry Weapons Level 2  
  130  7:32  Marine  
  130  7:33  SCV x2, Marine  
  130  7:35  SCV  
  135  7:43  Terran Infantry Armor Level 2  
  135  7:45  SCV  
  135  7:48  Marine x3  
  135  7:51  Marine x2  
  138  7:54  Command Center  
  138  7:56  Missile Turret, Marine  
  138  7:57  SCV, Medivac x2  
  145  8:00  SCV, Marine x2  
  145  8:01  SCV  
  145  8:05  Command Center  
  149  8:08  Marine x3  
  149  8:09  SCV  
  149  8:12  Terran Vehicle Weapons Level 1  
  153  8:13  Marine x2  
  153  8:14  Marine  
  153  8:16  SCV  
  157  8:24  Supply Depot  
  157  8:25  Factory, Supply Depot  
  157  8:26  Supply Depot  
  157  8:27  Marine, Supply Depot  
  157  8:31  Viking x2  
  157  8:33  Marine x3  
  165  8:45  Marine x6  
  171  8:50  Missile Turret x2  
  171  8:51  Marine x3  
  171  8:52  Siege Tank  
  177  8:57  Missile Turret  
  177  9:03  Marine x5  
  177  9:05  Marine  
  177  9:09  Marine x2  
  183  9:13  Marine  
  180  9:19  SCV x3  
  180  9:21  Marine  
  180  9:22  Marine x4  
  180  9:23  Marine  
  189  9:24  Siege Tank  
  189  9:26  Marine  
  189  9:27  Factory Tech Lab, Marine  
  189  9:30  Marine  
  195  9:31  SCV x3  
  195  9:33  Barracks  
  195  9:35  Barracks x2  
  189  9:38  Marine  
  189  9:42  Marine  
  189  9:43  Marine  
  190  9:48  Marine x3  
  190  9:49  Viking  
  190  9:52  Marine, SCV  
  196  9:54  Marine  
  196  9:56  Siege Tank  
  196  9:58  Planetary Fortress  
  200  10:03  Refinery  
  200  10:04  Refinery  
  200  10:07  Command Center, Sensor Tower  
  200  10:08  Terran Infantry Weapons Level 3  
  200  10:13  Terran Infantry Armor Level 3  
  200  10:15  Terran Vehicle Weapons Level 2  
  200  10:21  Starport  
  200  10:22  Starport  
  200  10:25  Barracks Reactor x3  
  200  10:34  Command Center  
  200  10:42  Armory  
  200  10:45  Fusion Core  
  200  10:59  Command Center  
  200  11:03  Marine x2  
  200  11:04  Marine x5  
  200  11:05  Marine  
  200  11:06  Marine  
  200  11:07  Marine  
  200  11:08  Marine  
  200  11:10  Marine  
  187  11:14  Marine  
  187  11:16  Marine  
  187  11:17  Marine  
  174  11:19  Siege Tank  
  174  11:21  Marine x5  
  174  11:24  Viking x2  
  184  11:27  Planetary Fortress  
  184  11:28  Marine  
  184  11:30  Marine  
  189  11:33  Marine  
  189  11:37  Siege Tank  
  193  11:41  Marine  
  193  11:42  Marine  
  193  11:45  Marine  
  196  11:49  Marine x8  
  196  11:51  Siege Tank, Marine  
  196  11:57  Marine  
  196  12:00  Starport Reactor  
  196  12:01  Starport Reactor  
  185  12:02  Marine  
  185  12:03  Marine  
  185  12:05  Marine  
  185  12:07  Orbital Command  
  185  12:08  Marine  
  189  12:09  Siege Tank  
  189  12:10  Medivac x2  
  196  12:21  Orbital Command  
  196  12:29  Command Center  
  196  12:33  Marine  
  196  12:34  Marine  
  196  12:36  Medivac x2  
  193  12:51  Marine  
  193  12:56  Marine x3  
  193  12:57  Marine  
  193  12:58  Marine x4  
Show
View Real Time Build Order
Export as new Build Order

Clem Terran 

Build Orders: Cyclone Opening 

Get SALT Encoding   

  12  0:00  SCV  
  13  0:12  SCV  
  14  0:17  Supply Depot  
  14  0:24  SCV  
  15  0:38  SCV  
  15  0:39  Barracks  
  16  0:42  Refinery  
  16  0:50  SCV  
  16  0:52  Refinery  
  17  1:02  SCV  
  18  1:15  SCV  
  19  1:25  Reaper  
  19  1:27  Orbital Command  
  20  1:40  Factory, Supply Depot  
  20  1:53  SCV  
  21  1:57  Reaper  
  22  2:05  SCV  
  23  2:15  Command Center  
  23  2:18  SCV  
  24  2:24  Cyclone  
  26  2:30  SCV  
  26  2:35  Starport  
  27  2:39  Barracks Tech Lab  
  27  2:42  SCV  
  28  2:47  Supply Depot  
  28  2:54  SCV  
  28  2:57  Cyclone  
  31  3:09  SCV  
  31  3:12  Barracks Reactor  
  32  3:17  Banshee  
  32  3:18  Refinery  
  35  3:21  SCV  
  36  3:27  Orbital Command  
  36  3:30  Factory Tech Lab  
  36  3:33  SCV  
  37  3:46  SCV  
  37  3:47  Marine x2  
  40  3:48  Siege Tank  
  40  3:52  SCV, Supply Depot  
  44  3:58  SCV  
  44  4:02  Raven  
  47  4:05  Marine x2, SCV  
  50  4:10  SCV  
  51  4:17  SCV  
  51  4:21  Interference Matrix  
  51  4:22  SCV  
  51  4:23  Marine x2  
  55  4:26  Supply Depot  
  55  4:28  Siege Tank  
  55  4:29  SCV  
  59  4:34  SCV  
  60  4:41  SCV  
  60  4:45  Raven  
  62  4:47  SCV, Supply Depot  
  62  4:53  Command Center  
  62  4:55  SCV  
  63  5:00  Marine x2, SCV  
  63  5:03  Siege Tank  
  68  5:07  SCV, Supply Depot  
  68  5:12  SCV  
  70  5:16  Refinery  
  70  5:21  SCV  
  70  5:24  SCV  
  70  5:27  Viking, Stimpack, Marine  
  75  5:28  Viking  
  75  5:32  Supply Depot  
  75  5:35  SCV  
  78  5:36  SCV  
  78  5:39  Barracks  
  78  5:41  Barracks  
  79  5:47  SCV  
  79  5:48  Siege Tank, Marine  
  84  5:50  SCV  
  85  5:57  Engineering Bay  
  85  6:00  SCV, Engineering Bay  
  85  6:02  SCV  
  87  6:06  Viking  
  87  6:08  Viking  
  91  6:11  Supply Depot  
  91  6:12  Marine  
  91  6:13  SCV  
  93  6:21  Siege Tank  
  93  6:25  Supply Depot, SCV  
  97  6:26  Orbital Command  
  97  6:30  SCV  
  97  6:32  Terran Infantry Weapons Level 1  
  98  6:34  Terran Infantry Armor Level 1  
  98  6:36  Barracks Reactor x2  
  98  6:37  SCV  
  98  6:38  Marine  
  99  6:45  SCV  
  100  6:49  Barracks, SCV  
  100  6:50  Viking, Barracks  
  100  6:52  SCV  
  104  6:56  Siege Tank  
  104  6:58  Supply Depot  
  104  7:00  SCV  
  108  7:01  SCV  
  108  7:02  Viking  
  108  7:03  Marine  
  108  7:04  SCV  
  108  7:07  Refinery  
  108  7:08  Refinery  
  113  7:11  Supply Depot  
  113  7:12  SCV  
  113  7:13  SCV  
  115  7:16  Marine, SCV  
  115  7:17  Marine  
  115  7:19  Combat Shield, Sensor Tower  
  118  7:23  Marine x2  
  118  7:24  Marine  
  118  7:25  SCV x2  
  118  7:28  SCV  
  118  7:29  Supply Depot  
  124  7:35  Siege Tank  
  127  7:37  SCV  
  127  7:39  Barracks Reactor x2, Marine x2  
  127  7:41  Marine x2  
  132  7:46  Command Center  
  132  7:50  Supply Depot  
  132  7:55  Marine  
  132  7:56  Armory  
  132  7:57  Marine  
  132  7:58  Supply Depot  
  134  8:00  Medivac x2  
  134  8:03  Supply Depot  
  134  8:05  Marine x3  
  140  8:08  Missile Turret  
  140  8:11  Siege Tank  
  144  8:13  Marine  
  144  8:15  Marine  
  144  8:16  Marine x2  
  144  8:17  Marine x2  
  149  8:22  Marine, Supply Depot  
  149  8:23  Marine x2  
  150  8:30  Missile Turret  
  150  8:31  Marine  
  150  8:32  Factory, Marine  
  150  8:33  Liberator  
  155  8:35  Medivac  
  155  8:37  Marine  
  155  8:39  Marine x2  
  155  8:40  Marine  
  161  8:47  Supply Depot, Marine x3  
  164  8:49  Siege Tank  
  164  8:52  Terran Infantry Weapons Level 2  
  164  8:54  Terran Infantry Armor Level 2  
  166  8:59  Marine  
  166  9:00  SCV, Marine  
  166  9:01  Marine  
  166  9:02  Marine  
  171  9:03  Marine  
  171  9:05  Terran Vehicle Weapons Level 1  
  171  9:07  Viking  
  171  9:08  Supply Depot  
  174  9:10  Marine  
  174  9:11  Marine x2  
  174  9:16  Viking, Marine, SCV x2  
  180  9:17  Marine  
  180  9:19  Marine  
  180  9:21  SCV  
  184  9:26  Siege Tank  
  187  9:32  Planetary Fortress, Refinery  
  187  9:33  SCV  
  187  9:35  Refinery  
  187  9:37  Marine  
  187  9:38  Marine  
  180  9:41  SCV  
  181  9:46  Sensor Tower  
  181  9:49  Marine x4  
  181  9:50  SCV, Marine  
  181  9:52  Sensor Tower, Marine  
  188  9:54  Barracks Reactor  
  188  9:55  SCV  
  188  9:58  Siege Tank  
  188  9:59  Viking  
  194  10:00  Viking  
  194  10:01  Marine  
  194  10:03  Command Center  
  194  10:04  SCV  
  198  10:14  Command Center  
  198  10:15  Starport  
  198  10:16  Starport  
  198  10:26  Missile Turret  
  198  10:28  Fusion Core  
  198  10:29  Armory  
  198  10:33  Siege Tank  
  198  10:36  Viking  
  200  10:47  Command Center  
  200  10:48  Command Center  
  200  10:52  Starport Reactor x2  
  200  10:55  Viking  
  186  11:04  Missile Turret  
  186  11:05  Siege Tank x2, Missile Turret, Marine  
  186  11:06  Viking, Marine x3  
  176  11:16  Marine  
  176  11:17  Marine x4  
  138  11:19  Marine  
  138  11:23  Marine  
  138  11:25  Orbital Command, Viking  
  121  11:31  Viking x2, Liberator  
  121  11:32  Marine x3  
  128  11:34  Marine  
  128  11:35  Marine  
  128  11:36  Marine  
  128  11:37  Siege Tank x2, Marine  
  128  11:39  Viking  
  141  11:40  Orbital Command  
  140  11:50  Viking  
  140  11:51  Marine  
  137  11:55  Viking  
  137  11:56  Marine  
  137  11:57  Marine x3  
  102  12:01  Orbital Command  
  143  12:05  Liberator  
  143  12:06  Marine  
  145  12:09  Siege Tank  
  145  12:10  Siege Tank  
  151  12:20  Marine x5  
  151  12:21  Marine  
  156  12:25  SCV x2  
  156  12:26  SCV  
  157  12:39  Marine x7  
  157  12:41  Siege Tank  
  157  12:42  Siege Tank  
Tags
 
Add a new tag
Caveats
  • Supply blocks, unpowered buildings, or Contaminate may cause inaccurate times.
  • Supply counts are checked every 10 seconds.